Map: Abyssal Reef LE

Players

Imperius - Winner!

  • Race: Terran Terran
  • Spawn Location: 5:00

VOD

Have the link to the VOD?

Description

Time

  • Played on: April 28, 2025, 6:04 p.m.
  • Length: 13:58
Show
View Real Time Build Order
Export as new Build Order

Imperius Terran - Winner!

Build Orders:  

Get SALT Encoding   

  12  0:08  SCV  
  13  0:27  Supply Depot  
  13  0:30  SCV  
  14  0:47  SCV  
  15  1:05  Barracks  
  15  1:08  SCV  
  16  1:18  Refinery  
  16  1:25  SCV  
  17  1:49  SCV  
  18  1:55  Supply Depot  
  18  2:16  Orbital Command  
  18  2:40  Barracks Reactor  
  18  2:54  SCV  
  19  3:23  SCV  
  20  3:35  Refinery  
  20  3:40  SCV  
  21  3:58  Marine x2  
  23  4:06  Command Center  
  23  4:09  Barracks  
  23  4:18  Factory  
  23  4:22  SCV  
  23  4:23  Marine x2  
  26  4:38  SCV  
  27  4:48  Marine x2  
  29  4:56  SCV  
  30  5:13  Marine  
  31  5:33  Supply Depot  
  31  5:46  Marine, SCV  
  33  5:52  Supply Depot  
  33  5:53  Marine x2  
  35  6:03  SCV  
  36  6:11  Marine  
  36  6:18  Marine x2  
  39  6:20  SCV  
  40  6:36  Marine  
  40  6:37  SCV  
  42  6:40  Starport  
  42  6:42  Marine  
  42  6:43  Marine  
  44  6:54  SCV  
  45  7:01  Marine  
  45  7:07  Marine  
  48  7:11  SCV  
  48  7:26  Marine  
  48  7:27  Barracks Reactor  
  49  7:32  Starport, Marine  
  49  7:37  Refinery  
  50  7:41  Refinery  
  50  7:51  Marine  
  50  7:57  Marine  
  48  8:16  Marine  
  49  8:22  Marine  
  49  8:25  Medivac x2  
  54  8:41  Marine  
  54  8:47  Marine  
  56  8:55  SCV  
  57  9:06  Marine  
  57  9:07  Medivac x2  
  62  9:22  Supply Depot  
  62  9:52  Medivac x2, Marine x2, SCV  
  62  9:53  Marine  
  62  9:58  Supply Depot  
  70  10:28  Marine x4, SCV x2  
  76  10:30  Supply Depot  
  76  10:34  Medivac  
  78  10:45  SCV  
  78  11:00  Medivac, Marine x4, SCV  
  78  11:04  Unknown  
  85  11:17  SCV  
  86  11:54  Unknown  
  86  12:52  Unknown  
  86  13:23  Marine  
Tags
 
Add a new tag
Caveats
  • Supply blocks, unpowered buildings, or Contaminate may cause inaccurate times.
  • Supply counts are checked every 10 seconds.